[ AOE2 MATCH · #488793172 ]
UnrankedSpanish vs Mongols
[ REPLAY ANALYSIS · EXTRACTED FROM THE RECORDED GAME ]
Feudal
13:35
Castle
17:38
Imperial
35:50
| APM avg | 35.0 |
| APM peak | 81 |
| eAPM avg | 12.3 |
| Villagers / military | 92 / 24 |
Focus
⚔️ 27.5% · 🌾 72.5%
Conquistador ×18 · Fishing Ship ×8 · Missionary ×5 · Monk ×1
Feudal
14:29
Castle
19:14
Imperial
—
| APM avg | 32.9 |
| APM peak | 71 |
| eAPM avg | 20.0 |
| Villagers / military | 99 / 66 |
Focus
⚔️ 26.4% · 🌾 73.6%
Mangudai ×65 · Fishing Ship ×8 · Monk ×1 · Unknown (2626) ×1
Feudal
12:50
Castle
20:20
Imperial
34:23
| APM avg | 19.3 |
| APM peak | 46 |
| eAPM avg | 12.2 |
| Villagers / military | 87 / 36 |
Focus
⚔️ 28.4% · 🌾 71.6%
Elephant Archer ×25 · Fishing Ship ×24 · Fire Galley ×6 · Trebuchet (Packed) ×4 · Trade Cog ×3 · Skirmisher ×1
Feudal
17:49
Castle
—
Imperial
—
| APM avg | 27.6 |
| APM peak | 90 |
| eAPM avg | 13.8 |
| Villagers / military | 57 / 11 |
Focus
⚔️ 25.6% · 🌾 74.4%
Fishing Ship ×22 · Fire Galley ×11
Feudal
14:36
Castle
20:13
Imperial
—
| APM avg | 30.5 |
| APM peak | 62 |
| eAPM avg | 15.8 |
| Villagers / military | 114 / 9 |
Focus
⚔️ 17.0% · 🌾 83.0%
Fishing Ship ×15 · Unknown (1949) ×9 · Fire Galley ×7 · Unknown (1944) ×5 · Unknown (2626) ×2 · Monk ×1
Feudal
12:58
Castle
20:03
Imperial
—
| APM avg | 24.9 |
| APM peak | 74 |
| eAPM avg | 10.4 |
| Villagers / military | 62 / 24 |
Focus
⚔️ 25.7% · 🌾 74.3%
Ratha (Ranged) ×23 · Fishing Ship ×14 · Unknown (2626) ×2 · Fire Galley ×1
Feudal
13:19
Castle
17:38
Imperial
33:21
| APM avg | 19.3 |
| APM peak | 47 |
| eAPM avg | 11.8 |
| Villagers / military | 90 / 10 |
Focus
⚔️ 26.2% · 🌾 73.8%
Fishing Ship ×8 · Knight ×7 · Trebuchet (Packed) ×3
Feudal
—
Castle
—
Imperial
—
| APM avg | 20.5 |
| APM peak | 40 |
| eAPM avg | 12.9 |
| Villagers / military | 50 / 60 |
Focus
⚔️ 50.2% · 🌾 49.8%
Karambit Warrior ×54 · Spearman ×4 · Fishing Ship ×4 · Skirmisher ×2
Match map
Initial resources + every placement click. Lines = walls · curves = elevation contours. ◆ gold · ⬟ stone · ● berries · ✦ relic · ◌ wall gap
Your base· Open — 14t gap
一个头打的满是包's base· Open — unwalled flank
[TrEta] D.Quixote's base· Open — 5t gap
XEVER | Masa!'s base· Open — 10t gap
Verebecske's base· Open — 9t gap
Rocker_'s base· Open — unwalled flank
随机便投's base· Open — unwalled flank
RDA Ghosti's base· Open — 14t gap
Smoothed initial terrain · ◌ = detected wall gap · hover for details
Inputs per minute
— DS_Gitano Urbano - - 一个头打的满是包
Build order — DS_Gitano Urbano
First 150 of 203 actions detected
| 0:39 | Build | Town Center |
| 1:26 | Build | Dock |
| 2:51 | Create | Villager (Male) ×4 |
| 3:30 | Create | Fishing Ship |
| 3:57 | Create | Villager (Male) |
| 4:38 | Build | House |
| 4:51 | Create | Villager (Male) |
| 5:19 | Create | Villager (Male) |
| 5:21 | Create | Fishing Ship |
| 5:31 | Create | Villager (Male) |
| 5:31 | Create | Villager (Male) |
| 5:57 | Create | Villager (Male) |
| 6:02 | Build | House |
| 6:33 | Create | Villager (Male) |
| 6:33 | Create | Villager (Male) |
| 6:42 | Create | Fishing Ship |
| 6:59 | Create | Villager (Male) |
| 7:28 | Create | Villager (Male) |
| 7:29 | Create | Fishing Ship |
| 7:33 | Build | House |
| 7:40 | Build | House |
| 7:54 | Build | House |
| 7:58 | Build | House |
| 8:03 | Create | Villager (Male) |
| 8:09 | Build | House |
| 8:21 | Research | Loom |
| 8:31 | Create | Villager (Male) |
| 8:39 | Build | House |
| 8:47 | Create | Villager (Male) |
| 8:55 | Build | House |
| 9:00 | Create | Fishing Ship |
| 9:03 | Create | Fishing Ship |
| 9:04 | Create | Villager (Male) |
| 9:46 | Create | Villager (Male) |
| 10:24 | Create | Villager (Male) |
| 10:36 | Build | Mill |
| 10:44 | Create | Fishing Ship |
| 10:53 | Create | Villager (Male) |
| 11:16 | Create | Fishing Ship |
| 11:25 | Research | Feudal Age |
| 11:55 | Build | Lumber Camp |
| 12:28 | Build | Dock |
| 13:18 | Create | Villager (Male) |
| 13:18 | Create | Villager (Male) |
| 13:31 | Create | Villager (Male) |
| 13:35 | Age | Feudal Age |
| 13:45 | Build | Market |
| 13:48 | Build | Blacksmith |
| 14:58 | Research | Castle Age |
| 15:36 | Research | Double-Bit Axe |
| 16:38 | Build | Mining Camp |
| 16:49 | Build | Lumber Camp |
| 17:11 | Research | Padded Archer Armor |
| 17:32 | Create | Villager (Male) |
| 17:33 | Create | Villager (Male) |
| 17:38 | Age | Castle Age |
| 17:43 | Build | Castle |
| 17:50 | Build | Mining Camp |
| 18:23 | Create | Villager (Male) |
| 18:31 | Research | Gold Mining |
| 18:32 | Create | Conquistador |
| 18:32 | Create | Conquistador |
| 18:38 | Research | Horse Collar |
| 18:43 | Build | Farm |
| 18:46 | Build | Farm |
| 18:53 | Build | Farm |
| 18:54 | Create | Villager (Male) |
| 18:57 | Create | Conquistador |
| 19:10 | Create | Villager (Male) |
| 19:25 | Build | Barracks |
| 19:36 | Create | Conquistador |
| 19:37 | Create | Villager (Male) |
| 19:42 | Build | Farm |
| 19:44 | Create | Villager (Male) |
| 20:00 | Create | Villager (Male) |
| 20:18 | Build | Farm |
| 20:27 | Create | Villager (Male) |
| 20:29 | Create | Conquistador |
| 20:35 | Build | Farm |
| 20:36 | Create | Villager (Male) |
| 20:43 | Build | House |
| 20:48 | Build | Stable |
| 21:01 | Create | Villager (Male) |
| 21:29 | Create | Conquistador |
| 21:31 | Create | Villager (Male) |
| 21:32 | Research | Town Watch |
| 21:48 | Create | Villager (Male) |
| 21:52 | Build | Town Center |
| 21:54 | Build | Farm |
| 21:54 | Build | Farm |
| 21:54 | Build | Farm |
| 21:54 | Build | Farm |
| 22:01 | Create | Villager (Male) |
| 22:03 | Create | Conquistador |
| 22:14 | Research | Bloodlines |
| 22:25 | Create | Villager (Male) |
| 22:39 | Create | Villager (Male) |
| 23:10 | Create | Villager (Male) |
| 23:17 | Create | Villager (Male) |
| 23:21 | Create | Villager (Male) |
| 23:23 | Build | House |
| 23:24 | Build | House |
| 23:24 | Build | House |
| 24:04 | Create | Conquistador |
| 24:06 | Create | Villager (Male) |
| 24:11 | Research | Husbandry |
| 24:14 | Create | Villager (Male) |
| 24:23 | Build | Mining Camp |
| 24:26 | Create | Villager (Male) |
| 24:31 | Build | Mill |
| 24:59 | Create | Villager (Male) |
| 25:00 | Research | Wheelbarrow |
| 25:29 | Create | Conquistador |
| 25:33 | Create | Villager (Male) |
| 25:34 | Create | Villager (Male) |
| 26:00 | Create | Conquistador |
| 26:16 | Create | Villager (Male) |
| 26:17 | Create | Villager (Male) |
| 26:41 | Create | Conquistador |
| 26:41 | Create | Conquistador |
| 26:48 | Create | Conquistador |
| 26:50 | Create | Villager (Male) |
| 26:50 | Create | Villager (Male) |
| 26:56 | Research | Leather Archer Armor |
| 27:06 | Create | Villager (Male) |
| 27:10 | Build | Fish Trap |
| 27:11 | Build | Fish Trap |
| 27:13 | Build | Fish Trap |
| 27:15 | Build | Fish Trap |
| 27:17 | Build | Fish Trap |
| 27:20 | Build | Fish Trap |
| 27:25 | Create | Villager (Male) |
| 27:43 | Create | Conquistador |
| 27:56 | Create | Villager (Male) |
| 27:57 | Create | Villager (Male) |
| 28:09 | Build | Town Center |
| 28:11 | Build | Farm |
| 28:11 | Build | Farm |
| 28:11 | Build | Farm |
| 28:12 | Build | Farm |
| 28:12 | Build | Farm |
| 28:13 | Build | Farm |
| 28:14 | Build | Farm |
| 28:17 | Research | Heavy Plow |
| 28:19 | Create | Villager (Male) |
| 28:21 | Create | Villager (Male) |
| 28:40 | Create | Villager (Male) |
| 28:50 | Create | Villager (Male) |
| 28:51 | Create | Conquistador |
| 29:02 | Create | Villager (Male) |
Build order — 一个头打的满是包
First 150 of 261 actions detected
| 1:03 | Build | House |
| 1:04 | Build | House |
| 1:10 | Build | Town Center |
| 2:46 | Build | Dock |
| 3:32 | Create | Villager (Male) |
| 3:32 | Create | Villager (Male) |
| 3:33 | Create | Villager (Male) |
| 3:35 | Create | Villager (Male) |
| 4:56 | Research | Loom |
| 5:09 | Create | Fishing Ship |
| 5:32 | Create | Villager (Male) |
| 5:52 | Create | Villager (Male) |
| 6:14 | Create | Villager (Male) |
| 6:16 | Create | Fishing Ship |
| 6:43 | Create | Villager (Male) |
| 6:56 | Create | Villager (Male) |
| 7:12 | Create | Villager (Male) |
| 7:40 | Create | Villager (Male) |
| 7:48 | Create | Villager (Male) |
| 7:52 | Create | Fishing Ship |
| 8:08 | Create | Fishing Ship |
| 8:17 | Build | House |
| 8:19 | Build | House |
| 8:40 | Create | Villager (Male) |
| 8:45 | Create | Fishing Ship |
| 9:13 | Create | Villager (Male) |
| 9:14 | Create | Villager (Male) |
| 9:16 | Create | Fishing Ship |
| 9:52 | Create | Villager (Male) |
| 9:52 | Create | Villager (Male) |
| 10:41 | Create | Villager (Male) |
| 10:58 | Create | Fishing Ship |
| 10:58 | Create | Fishing Ship |
| 11:04 | Build | House |
| 11:29 | Create | Villager (Male) |
| 11:30 | Create | Villager (Male) |
| 11:39 | Build | Dock |
| 11:45 | Build | Mining Camp |
| 12:14 | Research | Feudal Age |
| 12:15 | Research | Feudal Age |
| 12:15 | Research | Feudal Age |
| 13:33 | Create | Villager (Male) |
| 13:34 | Create | Villager (Male) |
| 14:29 | Age | Feudal Age |
| 14:48 | Build | Mill |
| 14:54 | Build | Barracks |
| 15:01 | Build | Blacksmith |
| 15:03 | Create | Villager (Male) |
| 15:05 | Create | Villager (Male) |
| 15:25 | Create | Villager (Male) |
| 15:43 | Build | Stable |
| 16:24 | Research | Castle Age |
| 16:36 | Build | Lumber Camp |
| 16:59 | Build | House |
| 17:22 | Research | Double-Bit Axe |
| 17:53 | Build | Mill |
| 17:57 | Create | Villager (Male) |
| 17:58 | Create | Villager (Male) |
| 18:20 | Research | Gold Mining |
| 19:14 | Age | Castle Age |
| 19:21 | Build | Castle |
| 19:36 | Build | Town Center |
| 19:41 | Create | Villager (Male) |
| 19:47 | Research | Bow Saw |
| 20:01 | Build | Lumber Camp |
| 20:04 | Create | Villager (Male) |
| 20:31 | Research | Bloodlines |
| 20:31 | Research | Husbandry |
| 20:32 | Research | Fletching |
| 20:33 | Research | Padded Archer Armor |
| 20:35 | Create | Villager (Male) |
| 20:43 | Build | University |
| 20:47 | Create | Villager (Male) |
| 21:18 | Create | Villager (Male) |
| 21:22 | Create | Villager (Male) |
| 21:32 | Create | Mangudai |
| 21:32 | Create | Mangudai |
| 21:33 | Create | Mangudai |
| 21:33 | Create | Mangudai |
| 21:39 | Create | Villager (Male) |
| 21:53 | Build | Town Center |
| 21:54 | Create | Villager (Male) |
| 22:00 | Create | Villager (Male) |
| 22:08 | Create | Villager (Male) |
| 22:20 | Build | Monastery |
| 22:26 | Create | Villager (Male) |
| 22:32 | Research | Ballistics |
| 22:35 | Create | Villager (Male) |
| 23:00 | Create | Villager (Male) |
| 23:01 | Create | Villager (Male) |
| 23:09 | Create | Villager (Male) |
| 23:12 | Create | Mangudai |
| 23:12 | Create | Mangudai |
| 23:12 | Create | Mangudai |
| 23:13 | Create | Villager (Male) |
| 23:40 | Create | Mangudai |
| 23:40 | Create | Mangudai |
| 23:41 | Create | Mangudai |
| 23:42 | Create | Villager (Male) |
| 23:42 | Create | Villager (Male) |
| 23:51 | Create | Mangudai |
| 23:51 | Create | Mangudai |
| 23:52 | Create | Mangudai |
| 23:57 | Create | Villager (Male) |
| 24:12 | Create | Villager (Male) |
| 24:16 | Create | Villager (Male) |
| 24:22 | Create | Villager (Male) |
| 24:28 | Create | Monk |
| 24:41 | Create | Villager (Male) |
| 24:43 | Research | Gold Shaft Mining |
| 24:45 | Create | Villager (Male) |
| 24:53 | Build | Town Center |
| 24:57 | Create | Villager (Male) |
| 25:02 | Create | Mangudai |
| 25:02 | Create | Mangudai |
| 25:03 | Create | Mangudai |
| 25:03 | Create | Mangudai |
| 25:07 | Create | Villager (Male) |
| 25:34 | Create | Villager (Male) |
| 25:46 | Create | Villager (Male) |
| 25:47 | Create | Villager (Male) |
| 25:56 | Create | Villager (Male) |
| 26:04 | Create | Villager (Male) |
| 26:19 | Build | Farm |
| 26:20 | Build | Farm |
| 26:21 | Build | Farm |
| 26:21 | Build | Farm |
| 26:22 | Build | Farm |
| 26:23 | Build | Farm |
| 26:24 | Build | Farm |
| 26:36 | Create | Villager (Male) |
| 26:47 | Create | Villager (Male) |
| 26:52 | Create | Villager (Male) |
| 26:55 | Build | Lumber Camp |
| 27:10 | Build | Farm |
| 27:11 | Build | Farm |
| 27:12 | Create | Villager (Male) |
| 27:13 | Create | Villager (Male) |
| 27:28 | Create | Mangudai |
| 27:28 | Create | Mangudai |
| 27:28 | Create | Mangudai |
| 27:35 | Create | Mangudai |
| 27:35 | Create | Mangudai |
| 27:35 | Create | Mangudai |
| 27:53 | Create | Villager (Male) |
| 28:04 | Create | Villager (Male) |
| 28:13 | Build | Lumber Camp |
| 28:23 | Create | Villager (Male) |
| 28:25 | Build | House |
| 28:26 | Build | House |
Build order — [TrEta] D.Quixote
First 150 of 227 actions detected
| 0:16 | Build | Town Center |
| 1:30 | Build | Dock |
| 1:32 | Build | House |
| 2:37 | Create | Villager (Male) |
| 2:37 | Create | Villager (Male) |
| 2:37 | Create | Villager (Male) |
| 2:38 | Create | Villager (Male) |
| 2:38 | Create | Villager (Male) |
| 3:45 | Create | Fishing Ship |
| 4:12 | Research | Loom |
| 4:31 | Create | Villager (Male) |
| 4:54 | Create | Villager (Male) |
| 5:25 | Create | Villager (Male) |
| 5:44 | Create | Villager (Male) |
| 5:44 | Create | Villager (Male) |
| 6:05 | Create | Fishing Ship |
| 6:17 | Create | Villager (Male) |
| 6:22 | Build | House |
| 6:40 | Create | Villager (Male) |
| 7:00 | Create | Fishing Ship |
| 7:05 | Create | Villager (Male) |
| 7:28 | Create | Fishing Ship |
| 7:29 | Create | Villager (Male) |
| 7:45 | Create | Villager (Male) |
| 7:56 | Build | House |
| 8:17 | Create | Villager (Male) |
| 8:18 | Create | Fishing Ship |
| 8:25 | Build | House |
| 8:58 | Create | Villager (Male) |
| 9:00 | Create | Fishing Ship |
| 9:22 | Create | Villager (Male) |
| 9:24 | Build | Mill |
| 9:41 | Create | Villager (Male) |
| 10:06 | Build | Mining Camp |
| 10:14 | Create | Villager (Male) |
| 10:32 | Build | House |
| 10:40 | Research | Feudal Age |
| 10:58 | Build | Lumber Camp |
| 11:50 | Build | Dock |
| 12:03 | Create | Villager (Male) |
| 12:34 | Build | House |
| 12:50 | Age | Feudal Age |
| 12:52 | Create | Fire Galley |
| 12:52 | Create | Fire Galley |
| 12:55 | Research | Double-Bit Axe |
| 13:02 | Create | Villager (Male) |
| 13:04 | Research | Horse Collar |
| 13:19 | Create | Villager (Male) |
| 13:23 | Build | Mining Camp |
| 13:33 | Research | Town Watch |
| 13:34 | Research | Wheelbarrow |
| 14:06 | Create | Villager (Male) |
| 14:14 | Create | Fire Galley |
| 14:16 | Create | Fire Galley |
| 14:37 | Build | Market |
| 14:43 | Build | Blacksmith |
| 15:28 | Create | Villager (Male) |
| 15:40 | Create | Fire Galley |
| 15:41 | Create | Fire Galley |
| 16:16 | Create | Villager (Male) |
| 16:41 | Create | Fishing Ship |
| 16:41 | Create | Fishing Ship |
| 16:45 | Create | Fishing Ship |
| 16:47 | Create | Villager (Male) |
| 17:09 | Create | Fishing Ship |
| 17:40 | Research | Castle Age |
| 18:04 | Build | Dock |
| 18:09 | Build | House |
| 18:10 | Build | House |
| 18:45 | Build | House |
| 18:46 | Build | House |
| 18:51 | Research | Gold Mining |
| 18:53 | Research | Stone Mining |
| 20:04 | Build | Lumber Camp |
| 20:06 | Create | Villager (Male) |
| 20:06 | Create | Villager (Male) |
| 20:20 | Age | Castle Age |
| 20:32 | Build | Town Center |
| 20:46 | Research | Bow Saw |
| 20:52 | Build | House |
| 20:53 | Build | House |
| 20:57 | Create | Villager (Male) |
| 21:15 | Build | Castle |
| 21:24 | Create | Villager (Male) |
| 21:29 | Research | Fletching |
| 21:50 | Research | War Galley (upgrade) |
| 21:52 | Create | Villager (Male) |
| 21:53 | Create | Villager (Male) |
| 22:03 | Create | Fishing Ship |
| 22:03 | Create | Fishing Ship |
| 22:03 | Create | Fishing Ship |
| 22:09 | Build | House |
| 22:39 | Create | Villager (Male) |
| 22:40 | Create | Villager (Male) |
| 22:44 | Create | Trade Cog |
| 22:44 | Create | Trade Cog |
| 22:44 | Create | Trade Cog |
| 22:59 | Create | Villager (Male) |
| 23:00 | Create | Villager (Male) |
| 23:14 | Build | Barracks |
| 23:16 | Create | Villager (Male) |
| 23:37 | Create | Villager (Male) |
| 23:50 | Research | Bodkin Arrow |
| 23:56 | Create | Fishing Ship |
| 23:56 | Create | Fishing Ship |
| 23:56 | Create | Fishing Ship |
| 23:57 | Create | Fishing Ship |
| 24:06 | Create | Villager (Male) |
| 24:14 | Build | Archery Range |
| 24:17 | Create | Villager (Male) |
| 24:17 | Create | Villager (Male) |
| 24:17 | Create | Villager (Male) |
| 24:50 | Create | Fishing Ship |
| 24:50 | Create | Fishing Ship |
| 24:51 | Create | Fishing Ship |
| 24:56 | Create | Elephant Archer |
| 24:56 | Create | Elephant Archer |
| 25:03 | Build | University |
| 25:04 | Create | Villager (Male) |
| 25:04 | Create | Villager (Male) |
| 25:05 | Create | Villager (Male) |
| 25:05 | Create | Villager (Male) |
| 25:24 | Build | Mill |
| 25:28 | Create | Villager (Male) |
| 25:28 | Create | Villager (Male) |
| 25:39 | Build | Farm |
| 25:39 | Build | Farm |
| 25:46 | Create | Fishing Ship |
| 25:46 | Create | Fishing Ship |
| 25:46 | Create | Fishing Ship |
| 25:47 | Create | Fishing Ship |
| 25:52 | Create | Villager (Male) |
| 25:53 | Create | Villager (Male) |
| 25:56 | Create | Elephant Archer |
| 25:56 | Create | Elephant Archer |
| 26:16 | Research | Ballistics |
| 26:17 | Create | Villager (Male) |
| 26:18 | Create | Villager (Male) |
| 26:18 | Create | Villager (Male) |
| 26:40 | Create | Elephant Archer |
| 26:42 | Create | Villager (Male) |
| 26:50 | Create | Elephant Archer |
| 26:50 | Create | Elephant Archer |
| 26:59 | Create | Villager (Male) |
| 27:01 | Create | Villager (Male) |
| 27:01 | Create | Villager (Male) |
| 27:06 | Build | Farm |
| 27:06 | Build | Farm |
| 27:07 | Build | Farm |
| 27:07 | Build | Farm |
Build order — XEVER | Masa!
150 actions detected in the replay
| 1:59 | Build | Dock |
| 2:13 | Build | Town Center |
| 2:42 | Build | Palisade Wall |
| 4:26 | Create | Villager (Male) |
| 4:26 | Create | Villager (Male) |
| 4:26 | Create | Villager (Male) |
| 4:27 | Create | Villager (Male) |
| 4:27 | Create | Villager (Male) |
| 4:52 | Create | Villager (Male) |
| 4:53 | Create | Villager (Male) |
| 5:01 | Research | Loom |
| 5:11 | Create | Fishing Ship |
| 6:12 | Create | Fishing Ship |
| 6:42 | Create | Fishing Ship |
| 6:46 | Create | Villager (Male) |
| 6:56 | Build | House |
| 7:30 | Create | Fishing Ship |
| 7:44 | Build | House |
| 7:48 | Create | Villager (Male) |
| 7:48 | Create | Villager (Male) |
| 8:17 | Create | Fishing Ship |
| 8:20 | Build | House |
| 8:23 | Create | Villager (Male) |
| 8:56 | Create | Villager (Male) |
| 8:56 | Create | Villager (Male) |
| 9:02 | Build | House |
| 9:04 | Create | Fishing Ship |
| 9:22 | Create | Villager (Male) |
| 9:22 | Create | Villager (Male) |
| 9:28 | Build | House |
| 9:55 | Build | Lumber Camp |
| 10:01 | Build | House |
| 10:09 | Create | Villager (Male) |
| 10:09 | Create | Villager (Male) |
| 10:12 | Create | Fishing Ship |
| 10:21 | Build | House |
| 10:27 | Create | Villager (Male) |
| 10:28 | Create | Villager (Male) |
| 10:38 | Build | House |
| 11:00 | Create | Fishing Ship |
| 11:00 | Create | Fishing Ship |
| 11:00 | Create | Fishing Ship |
| 11:10 | Create | Fishing Ship |
| 11:21 | Create | Villager (Male) |
| 11:21 | Create | Villager (Male) |
| 11:27 | Create | Fishing Ship |
| 11:44 | Create | Villager (Male) |
| 11:44 | Create | Villager (Male) |
| 11:53 | Create | Fishing Ship |
| 12:22 | Build | Dock |
| 12:26 | Create | Villager (Male) |
| 12:29 | Create | Villager (Male) |
| 12:55 | Build | House |
| 13:11 | Create | Fishing Ship |
| 13:13 | Create | Fishing Ship |
| 13:14 | Create | Fishing Ship |
| 13:27 | Create | Villager (Male) |
| 13:36 | Build | Barracks |
| 13:42 | Build | House |
| 13:43 | Build | House |
| 13:48 | Create | Villager (Male) |
| 13:48 | Create | Villager (Male) |
| 13:53 | Create | Fishing Ship |
| 14:29 | Create | Villager (Male) |
| 14:32 | Create | Fishing Ship |
| 14:33 | Create | Fishing Ship |
| 14:43 | Build | Mill |
| 14:57 | Create | Villager (Male) |
| 15:06 | Create | Fishing Ship |
| 15:07 | Create | Fishing Ship |
| 15:10 | Create | Fishing Ship |
| 15:39 | Research | Feudal Age |
| 15:40 | Research | Feudal Age |
| 15:50 | Build | Farm |
| 15:52 | Build | Farm |
| 16:02 | Create | Villager (Male) |
| 16:02 | Create | Villager (Male) |
| 16:06 | Build | House |
| 16:07 | Build | House |
| 16:28 | Build | Farm |
| 16:35 | Build | Farm |
| 16:37 | Build | Farm |
| 16:38 | Create | Villager (Male) |
| 17:49 | Age | Feudal Age |
| 17:53 | Create | Fire Galley |
| 17:54 | Create | Fire Galley |
| 17:54 | Create | Fire Galley |
| 17:54 | Create | Fire Galley |
| 17:55 | Create | Fire Galley |
| 17:57 | Create | Villager (Male) |
| 18:03 | Build | Blacksmith |
| 18:05 | Build | House |
| 18:21 | Create | Villager (Male) |
| 18:27 | Build | Mining Camp |
| 19:04 | Create | Fire Galley |
| 19:04 | Create | Fire Galley |
| 19:04 | Create | Fire Galley |
| 19:04 | Create | Fire Galley |
| 20:04 | Create | Fire Galley |
| 20:05 | Create | Fire Galley |
| 20:26 | Build | Stable |
| 21:59 | Build | Palisade Wall |
| 23:32 | Build | Lumber Camp |
| 26:07 | Build | Lumber Camp |
| 27:33 | Build | Town Center |
| 28:20 | Create | Villager (Male) |
| 28:20 | Create | Villager (Male) |
| 28:21 | Create | Villager (Male) |
| 28:21 | Create | Villager (Male) |
| 28:21 | Create | Villager (Male) |
| 28:21 | Create | Villager (Male) |
| 28:22 | Create | Villager (Male) |
| 28:22 | Create | Villager (Male) |
| 28:22 | Create | Villager (Male) |
| 28:22 | Create | Villager (Male) |
| 28:23 | Create | Villager (Male) |
| 28:23 | Create | Villager (Male) |
| 28:23 | Create | Villager (Male) |
| 28:23 | Create | Villager (Male) |
| 28:24 | Create | Villager (Male) |
| 28:34 | Build | Stable |
| 29:11 | Build | House |
| 29:12 | Build | House |
| 29:13 | Build | House |
| 29:15 | Build | House |
| 30:11 | Build | Mining Camp |
| 30:53 | Build | Farm |
| 30:55 | Build | Farm |
| 31:01 | Build | Farm |
| 31:03 | Build | Farm |
| 31:04 | Build | Farm |
| 31:06 | Build | Farm |
| 31:10 | Research | Double-Bit Axe |
| 31:10 | Research | Double-Bit Axe |
| 31:11 | Research | Horse Collar |
| 31:59 | Build | Farm |
| 32:02 | Build | Farm |
| 32:03 | Build | Farm |
| 32:07 | Build | Mill |
| 32:09 | Create | Villager (Male) |
| 32:55 | Create | Villager (Male) |
| 32:56 | Create | Villager (Male) |
| 33:07 | Create | Villager (Male) |
| 33:37 | Create | Villager (Male) |
| 33:38 | Create | Villager (Male) |
| 33:40 | Build | Market |
| 33:43 | Build | Blacksmith |
| 34:35 | Create | Villager (Male) |
| 34:56 | Build | House |
| 35:02 | Research | Castle Age |
Build order — Verebecske
First 150 of 255 actions detected
| 0:45 | Build | Town Center |
| 2:07 | Build | House |
| 2:08 | Build | House |
| 3:10 | Build | Dock |
| 3:13 | Create | Villager (Male) |
| 3:13 | Create | Villager (Male) |
| 3:14 | Create | Villager (Male) |
| 3:14 | Create | Villager (Male) |
| 3:14 | Create | Villager (Male) |
| 5:01 | Create | Villager (Male) |
| 5:27 | Create | Fishing Ship |
| 5:31 | Create | Villager (Male) |
| 5:56 | Create | Villager (Male) |
| 5:56 | Create | Villager (Male) |
| 5:57 | Create | Villager (Male) |
| 6:12 | Create | Villager (Male) |
| 6:26 | Create | Fishing Ship |
| 6:50 | Create | Villager (Male) |
| 7:05 | Create | Villager (Male) |
| 7:21 | Create | Fishing Ship |
| 7:32 | Create | Villager (Male) |
| 7:53 | Build | Mill |
| 8:04 | Create | Villager (Male) |
| 8:17 | Create | Fishing Ship |
| 8:34 | Create | Villager (Male) |
| 8:57 | Build | House |
| 8:58 | Build | House |
| 9:01 | Create | Villager (Male) |
| 9:04 | Research | Loom |
| 9:20 | Create | Villager (Male) |
| 9:25 | Create | Fishing Ship |
| 9:41 | Create | Villager (Male) |
| 9:57 | Create | Villager (Male) |
| 10:21 | Create | Fishing Ship |
| 10:35 | Create | Villager (Male) |
| 10:51 | Build | Mill |
| 10:55 | Create | Villager (Male) |
| 11:04 | Create | Fishing Ship |
| 11:04 | Create | Fishing Ship |
| 11:17 | Build | House |
| 11:18 | Build | House |
| 11:33 | Create | Villager (Male) |
| 11:49 | Build | Lumber Camp |
| 11:52 | Create | Villager (Male) |
| 12:26 | Research | Feudal Age |
| 12:57 | Create | Villager (Male) |
| 13:02 | Create | Fishing Ship |
| 13:02 | Create | Fishing Ship |
| 13:23 | Build | Lumber Camp |
| 13:28 | Create | Villager (Male) |
| 14:27 | Build | Barracks |
| 14:36 | Age | Feudal Age |
| 14:50 | Create | Fire Galley |
| 14:59 | Research | Double-Bit Axe |
| 15:05 | Create | Villager (Male) |
| 15:21 | Build | Mill |
| 15:25 | Create | Villager (Male) |
| 15:51 | Build | Stable |
| 15:56 | Create | Villager (Male) |
| 16:06 | Build | House |
| 16:06 | Build | House |
| 16:18 | Build | House |
| 16:24 | Create | Fire Galley |
| 16:36 | Create | Villager (Male) |
| 16:43 | Build | Blacksmith |
| 17:05 | Build | House |
| 17:33 | Research | Castle Age |
| 17:42 | Build | House |
| 17:42 | Build | House |
| 17:46 | Create | Villager (Male) |
| 18:06 | Create | Fire Galley |
| 18:49 | Build | House |
| 18:50 | Build | House |
| 19:11 | Create | Fire Galley |
| 19:23 | Create | Villager (Male) |
| 19:24 | Create | Villager (Male) |
| 19:39 | Create | Fire Galley |
| 19:50 | Build | House |
| 20:00 | Create | Fire Galley |
| 20:13 | Age | Castle Age |
| 20:16 | Research | War Galley (upgrade) |
| 20:20 | Build | House |
| 20:27 | Build | Town Center |
| 20:31 | Create | Scout Cavalry |
| 20:43 | Build | Town Center |
| 20:44 | Create | Villager (Male) |
| 20:46 | Research | Wheelbarrow |
| 20:47 | Research | Town Watch |
| 20:51 | Research | Bow Saw |
| 20:54 | Create | Villager (Male) |
| 20:54 | Create | Villager (Male) |
| 20:56 | Build | House |
| 21:13 | Build | Mill |
| 21:39 | Build | House |
| 21:40 | Create | Villager (Male) |
| 21:40 | Create | Villager (Male) |
| 21:51 | Create | Villager (Male) |
| 21:57 | Create | Unit 2626 |
| 22:12 | Create | Villager (Male) |
| 22:12 | Create | Villager (Male) |
| 22:16 | Build | Farm |
| 22:24 | Create | Villager (Male) |
| 22:41 | Create | Unit 2626 |
| 22:52 | Build | Farm |
| 22:53 | Create | Villager (Male) |
| 22:53 | Create | Villager (Male) |
| 22:54 | Create | Villager (Male) |
| 23:14 | Build | Mining Camp |
| 23:16 | Create | Villager (Male) |
| 23:28 | Build | Farm |
| 23:31 | Build | Farm |
| 23:38 | Research | Fletching |
| 23:45 | Create | Villager (Male) |
| 23:45 | Create | Villager (Male) |
| 23:57 | Create | Unit 1944 |
| 24:04 | Research | Padded Archer Armor |
| 24:06 | Create | Villager (Male) |
| 24:25 | Create | Villager (Male) |
| 24:26 | Create | Villager (Male) |
| 24:29 | Research | Horse Collar |
| 24:30 | Research | Gold Mining |
| 24:30 | Research | Stone Mining |
| 24:43 | Create | Villager (Male) |
| 24:44 | Create | Villager (Male) |
| 25:03 | Create | Villager (Male) |
| 25:03 | Create | Villager (Male) |
| 25:24 | Create | Fire Galley |
| 25:25 | Create | Villager (Male) |
| 25:25 | Create | Villager (Male) |
| 25:40 | Create | Unit 1944 |
| 25:40 | Create | Unit 1944 |
| 25:55 | Build | Stable |
| 25:56 | Build | Stable |
| 26:22 | Build | Castle |
| 26:26 | Create | Villager (Male) |
| 26:26 | Create | Villager (Male) |
| 26:26 | Create | Villager (Male) |
| 26:27 | Create | Villager (Male) |
| 26:35 | Create | Villager (Male) |
| 26:35 | Create | Villager (Male) |
| 26:55 | Create | Unit 1944 |
| 26:55 | Create | Unit 1944 |
| 27:06 | Build | Mining Camp |
| 27:14 | Research | Bodkin Arrow |
| 27:56 | Create | Villager (Male) |
| 27:56 | Create | Villager (Male) |
| 27:56 | Create | Villager (Male) |
| 28:03 | Build | Farm |
| 28:03 | Build | Farm |
| 28:04 | Build | Farm |
Build order — Rocker_
121 actions detected in the replay
| 0:29 | Build | Town Center |
| 1:51 | Build | Dock |
| 2:54 | Create | Villager (Male) ×4 |
| 3:54 | Create | Fishing Ship |
| 4:04 | Build | House |
| 4:42 | Create | Villager (Male) |
| 5:03 | Create | Fishing Ship |
| 5:22 | Research | Loom |
| 5:42 | Create | Villager (Male) |
| 5:48 | Create | Fishing Ship |
| 6:13 | Create | Villager (Male) |
| 6:13 | Create | Villager (Male) |
| 6:28 | Create | Villager (Male) |
| 6:32 | Build | House |
| 6:49 | Create | Fishing Ship |
| 6:53 | Create | Villager (Male) |
| 7:12 | Create | Villager (Male) |
| 7:30 | Create | Fishing Ship |
| 7:57 | Create | Villager (Male) |
| 7:58 | Create | Villager (Male) |
| 8:31 | Build | Lumber Camp |
| 8:38 | Create | Villager (Male) |
| 8:39 | Create | Fishing Ship |
| 8:48 | Build | House |
| 8:52 | Create | Villager (Male) |
| 8:56 | Create | Villager (Male) |
| 9:03 | Build | House |
| 9:11 | Create | Fishing Ship |
| 9:43 | Create | Fishing Ship |
| 10:48 | Research | Feudal Age |
| 10:59 | Build | Mining Camp |
| 11:36 | Create | Fishing Ship |
| 12:19 | Create | Fishing Ship |
| 12:36 | Build | House |
| 12:55 | Create | Villager (Male) |
| 12:58 | Age | Feudal Age |
| 13:04 | Research | Double-Bit Axe |
| 13:15 | Build | Blacksmith |
| 13:35 | Build | House |
| 13:38 | Create | Villager (Male) |
| 13:38 | Create | Villager (Male) |
| 13:51 | Research | Tech 906 |
| 13:58 | Build | Mill |
| 14:35 | Build | House |
| 14:56 | Create | Villager (Male) |
| 15:13 | Build | Market |
| 15:15 | Build | Palisade Wall |
| 15:23 | Create | Villager (Male) |
| 15:47 | Build | Dock |
| 16:13 | Build | Mining Camp |
| 17:23 | Research | Castle Age |
| 17:28 | Create | Fishing Ship |
| 17:50 | Research | Stone Mining |
| 17:57 | Research | Gold Mining |
| 18:21 | Build | House |
| 18:25 | Build | Palisade Wall |
| 19:42 | Create | Fishing Ship |
| 19:43 | Create | Fishing Ship |
| 20:03 | Age | Castle Age |
| 20:25 | Build | Castle |
| 20:37 | Create | Villager (Male) |
| 20:38 | Create | Villager (Male) |
| 21:34 | Create | Villager (Male) |
| 21:34 | Create | Villager (Male) |
| 21:45 | Research | Fletching |
| 21:56 | Create | Fishing Ship |
| 22:00 | Create | Ratha (Ranged) |
| 22:00 | Create | Ratha (Ranged) |
| 22:19 | Create | Villager (Male) |
| 22:53 | Create | Ratha (Ranged) |
| 22:53 | Create | Ratha (Ranged) |
| 23:04 | Research | Bodkin Arrow |
| 23:08 | Create | Ratha (Ranged) |
| 23:11 | Create | Villager (Male) |
| 23:14 | Build | Farm |
| 23:15 | Build | Farm |
| 23:34 | Build | Lumber Camp |
| 23:38 | Build | Farm |
| 23:44 | Create | Ratha (Ranged) |
| 23:44 | Create | Ratha (Ranged) |
| 24:15 | Create | Ratha (Ranged) |
| 24:15 | Create | Ratha (Ranged) |
| 24:17 | Create | Villager (Male) ×4 |
| 24:21 | Build | Farm |
| 24:29 | Build | Town Center |
| 24:31 | Create | Fire Galley |
| 24:55 | Create | Villager (Male) ×2 |
| 25:05 | Build | Farm |
| 25:12 | Create | Ratha (Ranged) |
| 25:35 | Create | Villager (Male) |
| 25:35 | Create | Villager (Male) |
| 25:51 | Create | Ratha (Ranged) |
| 25:52 | Create | Ratha (Ranged) |
| 26:28 | Create | Villager (Male) ×5 |
| 27:04 | Create | Ratha (Ranged) |
| 27:05 | Create | Ratha (Ranged) |
| 27:05 | Create | Ratha (Ranged) |
| 27:58 | Create | Villager (Male) ×4 |
| 28:11 | Build | Castle |
| 28:51 | Create | Ratha (Ranged) |
| 28:51 | Create | Ratha (Ranged) |
| 29:03 | Build | Fish Trap |
| 29:07 | Build | Fish Trap |
| 29:20 | Build | Fish Trap |
| 29:25 | Build | Fish Trap |
| 29:42 | Create | Ratha (Ranged) |
| 29:42 | Create | Ratha (Ranged) |
| 29:44 | Create | Villager (Male) ×5 |
| 31:02 | Create | Unit 2626 |
| 31:03 | Create | Unit 2626 |
| 31:10 | Create | Villager (Male) ×5 |
| 32:52 | Create | Villager (Male) ×5 |
| 33:16 | Build | Farm |
| 33:23 | Build | Farm |
| 33:30 | Research | Imperial Age |
| 34:04 | Create | Villager (Male) ×3 |
| 34:07 | Build | House |
| 34:08 | Build | House |
| 34:14 | Build | House |
| 34:35 | Create | Ratha (Ranged) ×4 |
| 35:08 | Build | Town Center |
Build order — 随机便投
First 150 of 179 actions detected
| 0:25 | Build | House |
| 0:34 | Build | Town Center |
| 1:10 | Build | Dock |
| 2:55 | Research | Loom |
| 2:55 | Create | Villager (Male) |
| 2:55 | Create | Villager (Male) |
| 2:56 | Create | Villager (Male) |
| 2:56 | Create | Villager (Male) |
| 2:56 | Create | Villager (Male) |
| 2:56 | Create | Villager (Male) |
| 3:11 | Create | Fishing Ship |
| 4:07 | Create | Villager (Male) |
| 4:07 | Create | Villager (Male) |
| 5:23 | Create | Villager (Male) |
| 5:24 | Create | Villager (Male) |
| 5:24 | Create | Villager (Male) |
| 5:24 | Create | Villager (Male) |
| 5:54 | Build | House |
| 6:08 | Create | Villager (Male) |
| 6:09 | Create | Villager (Male) |
| 6:10 | Create | Fishing Ship |
| 6:18 | Build | House |
| 6:43 | Build | House |
| 6:49 | Create | Villager (Male) |
| 6:49 | Create | Villager (Male) |
| 6:49 | Create | Villager (Male) |
| 7:47 | Create | Villager (Male) |
| 7:47 | Create | Villager (Male) |
| 7:47 | Create | Villager (Male) |
| 7:50 | Create | Fishing Ship |
| 8:42 | Create | Fishing Ship |
| 8:42 | Create | Fishing Ship |
| 8:43 | Create | Villager (Male) |
| 8:43 | Create | Villager (Male) |
| 8:44 | Create | Villager (Male) |
| 8:44 | Create | Villager (Male) |
| 8:44 | Create | Villager (Male) |
| 8:44 | Create | Villager (Male) |
| 8:44 | Create | Villager (Male) |
| 9:04 | Build | House |
| 9:05 | Build | House |
| 9:13 | Create | Villager (Male) |
| 9:14 | Create | Villager (Male) |
| 10:03 | Build | Barracks |
| 10:32 | Create | Fishing Ship |
| 10:38 | Build | House |
| 11:01 | Create | Fishing Ship |
| 11:15 | Research | Feudal Age |
| 11:35 | Create | Fishing Ship |
| 11:43 | Create | Villager (Male) |
| 11:44 | Create | Villager (Male) |
| 11:44 | Create | Villager (Male) |
| 11:44 | Create | Villager (Male) |
| 11:44 | Create | Villager (Male) |
| 11:45 | Create | Villager (Male) |
| 11:46 | Create | Villager (Male) |
| 11:46 | Create | Villager (Male) |
| 11:50 | Build | House |
| 12:01 | Build | House |
| 12:07 | Build | House |
| 12:53 | Build | Mill |
| 13:19 | Age | Feudal Age |
| 13:29 | Build | Blacksmith |
| 13:42 | Build | Stable |
| 14:29 | Build | Mining Camp |
| 15:00 | Research | Castle Age |
| 15:21 | Research | Wheelbarrow |
| 15:23 | Research | Horse Collar |
| 15:45 | Create | Villager (Male) |
| 15:45 | Create | Villager (Male) |
| 15:45 | Create | Villager (Male) |
| 15:45 | Create | Villager (Male) |
| 15:46 | Create | Villager (Male) |
| 16:47 | Research | Stone Mining |
| 16:48 | Research | Gold Mining |
| 16:56 | Build | Lumber Camp |
| 17:27 | Research | Double-Bit Axe |
| 17:38 | Age | Castle Age |
| 18:00 | Research | Bow Saw |
| 18:04 | Build | House |
| 18:05 | Build | House |
| 18:07 | Build | House |
| 18:08 | Build | House |
| 18:33 | Build | Castle |
| 18:37 | Create | Knight |
| 18:44 | Build | Castle |
| 18:54 | Create | Knight |
| 18:55 | Create | Knight |
| 18:55 | Create | Knight |
| 19:03 | Research | Heavy Plow |
| 19:24 | Build | House |
| 20:14 | Create | Villager (Male) |
| 20:14 | Create | Villager (Male) |
| 20:14 | Create | Villager (Male) |
| 20:14 | Create | Villager (Male) |
| 20:46 | Create | Knight |
| 20:46 | Create | Knight |
| 21:11 | Build | Town Center |
| 21:20 | Create | Knight |
| 21:44 | Create | Villager (Male) |
| 21:44 | Create | Villager (Male) |
| 21:45 | Create | Villager (Male) |
| 21:45 | Create | Villager (Male) |
| 21:45 | Create | Villager (Male) |
| 21:46 | Create | Villager (Male) |
| 21:46 | Create | Villager (Male) |
| 22:40 | Create | Villager (Male) |
| 22:40 | Create | Villager (Male) |
| 22:40 | Create | Villager (Male) |
| 23:36 | Build | Town Center |
| 24:35 | Build | Farm |
| 24:51 | Build | Castle |
| 25:13 | Build | Farm |
| 25:14 | Build | Farm |
| 25:19 | Build | Farm |
| 25:20 | Build | Farm |
| 25:26 | Create | Villager (Male) |
| 25:27 | Create | Villager (Male) |
| 25:27 | Create | Villager (Male) |
| 25:27 | Create | Villager (Male) |
| 25:27 | Create | Villager (Male) |
| 25:28 | Create | Villager (Male) |
| 25:28 | Create | Villager (Male) |
| 25:28 | Create | Villager (Male) |
| 25:28 | Create | Villager (Male) |
| 25:28 | Create | Villager (Male) |
| 26:07 | Create | Villager (Male) |
| 26:08 | Create | Villager (Male) |
| 26:08 | Create | Villager (Male) |
| 26:08 | Create | Villager (Male) |
| 27:01 | Create | Villager (Male) |
| 27:01 | Create | Villager (Male) |
| 27:01 | Create | Villager (Male) |
| 27:01 | Create | Villager (Male) |
| 27:38 | Build | Mining Camp |
| 28:02 | Build | Farm |
| 28:03 | Build | Farm |
| 28:04 | Build | Farm |
| 28:23 | Build | Market |
| 29:19 | Build | Market |
| 29:41 | Build | Farm |
| 29:42 | Build | Farm |
| 29:57 | Research | Hand Cart |
| 30:04 | Build | Farm |
| 30:05 | Build | Farm |
| 30:06 | Build | Farm |
| 30:32 | Build | Farm |
| 30:35 | Research | Imperial Age |
| 32:00 | Research | Hand Cart |
| 32:13 | Build | Stable |
Build order — RDA Ghosti
First 150 of 160 actions detected
| 1:53 | Build | Town Center |
| 2:48 | Build | Dock |
| 2:53 | Build | House |
| 3:54 | Research | Loom |
| 3:55 | Create | Villager (Male) |
| 3:55 | Create | Villager (Male) |
| 3:55 | Create | Villager (Male) |
| 3:55 | Create | Villager (Male) |
| 3:56 | Create | Villager (Male) |
| 5:24 | Create | Fishing Ship |
| 6:11 | Create | Villager (Male) |
| 6:11 | Create | Villager (Male) |
| 6:38 | Create | Fishing Ship |
| 7:15 | Create | Villager (Male) |
| 7:15 | Create | Villager (Male) |
| 7:21 | Create | Fishing Ship |
| 7:22 | Create | Fishing Ship |
| 7:54 | Create | Villager (Male) |
| 7:59 | Create | Villager (Male) |
| 7:59 | Create | Villager (Male) |
| 7:59 | Create | Villager (Male) |
| 8:00 | Create | Villager (Male) |
| 8:05 | Build | House |
| 8:22 | Create | Villager (Male) |
| 8:23 | Create | Villager (Male) |
| 8:23 | Create | Villager (Male) |
| 9:01 | Create | Villager (Male) |
| 9:01 | Create | Villager (Male) |
| 9:01 | Create | Villager (Male) |
| 9:01 | Create | Villager (Male) |
| 9:49 | Create | Villager (Male) |
| 9:49 | Create | Villager (Male) |
| 9:49 | Create | Villager (Male) |
| 9:49 | Create | Villager (Male) |
| 9:55 | Build | Mill |
| 10:15 | Create | Villager (Male) |
| 10:15 | Create | Villager (Male) |
| 10:16 | Create | Villager (Male) |
| 10:25 | Build | House |
| 10:36 | Create | Villager (Male) |
| 12:09 | Build | Lumber Camp |
| 12:34 | Research | Feudal Age |
| 12:52 | Build | Mining Camp |
| 13:01 | Create | Villager (Male) |
| 13:01 | Create | Villager (Male) |
| 13:25 | Build | House |
| 15:51 | Build | Market |
| 16:00 | Build | Blacksmith |
| 16:35 | Create | Villager (Male) |
| 16:36 | Create | Villager (Male) |
| 17:18 | Research | Castle Age |
| 17:36 | Build | Mining Camp |
| 17:44 | Research | Double-Bit Axe |
| 17:48 | Research | Gold Mining |
| 18:30 | Research | Forging |
| 18:31 | Research | Forging |
| 19:23 | Build | Castle |
| 19:25 | Research | Fletching |
| 19:38 | Build | Barracks |
| 20:21 | Build | Mill |
| 20:27 | Build | Farm |
| 20:28 | Build | Farm |
| 20:28 | Build | Farm |
| 20:28 | Build | Farm |
| 20:28 | Build | Farm |
| 20:49 | Build | Farm |
| 20:57 | Create | Karambit Warrior |
| 20:57 | Create | Karambit Warrior |
| 20:58 | Create | Karambit Warrior |
| 20:58 | Create | Karambit Warrior |
| 20:58 | Create | Karambit Warrior |
| 20:58 | Create | Karambit Warrior |
| 20:58 | Create | Karambit Warrior |
| 20:59 | Create | Karambit Warrior |
| 20:59 | Create | Karambit Warrior |
| 20:59 | Create | Karambit Warrior |
| 20:59 | Create | Karambit Warrior |
| 21:37 | Research | Arson |
| 21:42 | Research | Arson |
| 21:43 | Research | Squires |
| 22:22 | Create | Villager (Male) |
| 22:22 | Create | Villager (Male) |
| 22:23 | Create | Villager (Male) |
| 22:23 | Create | Villager (Male) |
| 22:23 | Create | Villager (Male) |
| 22:31 | Build | Archery Range |
| 22:51 | Create | Karambit Warrior |
| 22:51 | Create | Karambit Warrior |
| 22:51 | Create | Karambit Warrior |
| 22:52 | Create | Karambit Warrior |
| 22:52 | Create | Karambit Warrior |
| 23:53 | Research | Bow Saw |
| 24:04 | Create | Karambit Warrior |
| 24:04 | Create | Karambit Warrior |
| 24:04 | Create | Karambit Warrior |
| 24:05 | Create | Karambit Warrior |
| 24:05 | Create | Karambit Warrior |
| 24:17 | Create | Karambit Warrior |
| 24:17 | Create | Karambit Warrior |
| 24:18 | Create | Karambit Warrior |
| 24:18 | Create | Karambit Warrior |
| 24:18 | Create | Karambit Warrior |
| 24:18 | Create | Karambit Warrior |
| 24:19 | Create | Karambit Warrior |
| 24:19 | Create | Karambit Warrior |
| 24:19 | Create | Karambit Warrior |
| 24:20 | Create | Karambit Warrior |
| 24:20 | Create | Karambit Warrior |
| 25:05 | Research | Pikeman (upgrade) |
| 25:25 | Build | Barracks |
| 25:33 | Create | Villager (Male) |
| 25:33 | Create | Villager (Male) |
| 25:39 | Build | Farm |
| 25:39 | Build | Farm |
| 25:40 | Build | Farm |
| 25:41 | Build | Farm |
| 26:04 | Create | Villager (Male) |
| 26:04 | Create | Villager (Male) |
| 26:22 | Create | Spearman |
| 26:22 | Create | Spearman |
| 26:51 | Create | Karambit Warrior |
| 26:51 | Create | Karambit Warrior |
| 26:52 | Create | Karambit Warrior |
| 26:52 | Create | Karambit Warrior |
| 26:52 | Create | Karambit Warrior |
| 26:52 | Create | Karambit Warrior |
| 26:57 | Build | Barracks |
| 26:59 | Create | Spearman |
| 26:59 | Create | Spearman |
| 28:09 | Create | Karambit Warrior |
| 28:10 | Create | Karambit Warrior |
| 28:10 | Create | Karambit Warrior |
| 28:10 | Create | Karambit Warrior |
| 28:10 | Create | Karambit Warrior |
| 28:11 | Create | Karambit Warrior |
| 28:11 | Create | Karambit Warrior |
| 28:11 | Create | Karambit Warrior |
| 28:11 | Create | Karambit Warrior |
| 28:12 | Create | Karambit Warrior |
| 28:17 | Research | Elite Skirmisher (upgrade) |
| 28:21 | Build | Archery Range |
| 28:46 | Create | Villager (Male) |
| 28:46 | Create | Villager (Male) |
| 28:47 | Create | Villager (Male) |
| 28:47 | Create | Villager (Male) |
| 28:47 | Create | Villager (Male) |
| 28:47 | Create | Villager (Male) |
| 28:48 | Create | Villager (Male) |
| 28:48 | Create | Villager (Male) |
| 28:58 | Create | Skirmisher |
Match timeline
| 1:10 | 随机便投 · first_building Dock |
| 1:26 | DS_Gitano Urbano · first_building Dock |
| 1:30 | [TrEta] D.Quixote · first_building Dock |
| 1:51 | Rocker_ · first_building Dock |
| 1:59 | XEVER | Masa! · first_building Dock |
| 2:42 | XEVER | Masa! · wall_segment Palisade Wall x1 |
| 2:46 | 一个头打的满是包 · first_building Dock |
| 2:48 | RDA Ghosti · first_building Dock |
| 3:10 | Verebecske · first_building Dock |
| 10:03 | 随机便投 · first_building Barracks |
| 12:50 | [TrEta] D.Quixote · age_up feudal |
| 12:58 | Rocker_ · age_up feudal |
| 13:19 | 随机便投 · age_up feudal |
| 13:35 | DS_Gitano Urbano · age_up feudal |
| 13:36 | XEVER | Masa! · first_building Barracks |
| 13:42 | 随机便投 · first_building Stable |
| 14:27 | Verebecske · first_building Barracks |
| 14:29 | 一个头打的满是包 · age_up feudal |
| 14:36 | Verebecske · age_up feudal |
| 14:54 | 一个头打的满是包 · first_building Barracks |
| 14:57 | DS_Gitano Urbano · first_market_sell 100 stone |
| 15:15 | Rocker_ · wall_segment Palisade Wall x1 |
| 15:43 | 一个头打的满是包 · first_building Stable |
| 15:51 | Verebecske · first_building Stable |
| 15:54 | Rocker_ · first_market_sell 100 wood |
| 15:55 | Rocker_ · first_market_buy 100 food |
| 16:11 | [TrEta] D.Quixote · first_market_buy 100 food |
| 16:13 | [TrEta] D.Quixote · first_market_sell 100 wood |
| 17:17 | RDA Ghosti · first_market_sell 100 food |
| 17:38 | 随机便投 · age_up castle |
| 17:38 | DS_Gitano Urbano · age_up castle |
| 17:43 | DS_Gitano Urbano · first_building Castle |
| 17:49 | XEVER | Masa! · age_up feudal |
| 18:19 | DS_Gitano Urbano · first_market_buy 100 stone |
| 18:25 | Rocker_ · wall_segment Palisade Wall x8 |
| 18:33 | 随机便投 · first_building Castle |
| 19:14 | 一个头打的满是包 · age_up castle |
| 19:21 | 一个头打的满是包 · first_building Castle |
| 19:23 | RDA Ghosti · first_building Castle |
| 19:25 | DS_Gitano Urbano · first_building Barracks |
| 19:38 | RDA Ghosti · first_building Barracks |
| 20:03 | Rocker_ · age_up castle |
| 20:13 | Verebecske · age_up castle |
| 20:20 | [TrEta] D.Quixote · age_up castle |
| 20:25 | Rocker_ · first_building Castle |
| 20:26 | XEVER | Masa! · first_building Stable |
| 20:48 | DS_Gitano Urbano · first_building Stable |
| 21:15 | [TrEta] D.Quixote · first_building Castle |
| 21:31 | RDA Ghosti · first_market_buy 100 food |
| 21:59 | XEVER | Masa! · wall_segment Palisade Wall x1 |
| 22:20 | 一个头打的满是包 · first_building Monastery |
| 22:31 | RDA Ghosti · first_building Archery Range |
| 23:13 | RDA Ghosti · tribute_sent a jugador 1 |
| 23:13 | RDA Ghosti · tribute_sent a jugador 2 |
| 23:13 | RDA Ghosti · tribute_sent a jugador 3 |
| 23:13 | RDA Ghosti · tribute_sent a jugador 4 |
| 23:13 | RDA Ghosti · tribute_sent a jugador 5 |
| 23:13 | RDA Ghosti · tribute_sent a jugador 6 |
| 23:13 | RDA Ghosti · tribute_sent a jugador 7 |
| 23:14 | [TrEta] D.Quixote · first_building Barracks |
| 24:14 | [TrEta] D.Quixote · first_building Archery Range |
| 26:22 | Verebecske · first_building Castle |
| 28:50 | Verebecske · first_building Monastery |
| 32:33 | DS_Gitano Urbano · first_building Monastery |
| 33:21 | 随机便投 · age_up imperial |
| 34:23 | [TrEta] D.Quixote · age_up imperial |
| 34:40 | 一个头打的满是包 · first_building Archery Range |
| 34:58 | XEVER | Masa! · first_market_buy 100 food |
| 35:31 | RDA Ghosti · resign |
| 35:50 | DS_Gitano Urbano · age_up imperial |
[ AI ANALYSIS · 1 CREDIT ]
What really happened in this match?
Wolo.gg analyzes every decision: build order, eco, micro, common mistakes by bracket. Personalized analysis on WhatsApp or Discord in 30 seconds.
Civ guide
Spanish
Perfil
Jugador #352739